 Dungeon Sprint DCSS version 0.18-a0-1655-ge2d8d33 (webtiles) character file.

7167 Kidiri the Jester (level 10, 0/62 HPs)
             Began as a Spriggan Artificer on Mar 30, 2016.
             Was a Follower of Nemelex Xobeh.
             Slain by a soul eater (6 damage)
             ... summoned by an orc sorcerer
             ... in the Dungeon (Sprint IX: "|||||||||||||||||||||||||||||").
             The game lasted 00:08:33 (1834 turns).

Kidiri the Jester (Spriggan Artificer)              Turns: 1834, Time: 00:08:34

Health: 0/62       AC:  6    Str:  8    XL:     10   Next: 86%
Magic:  23/23      EV: 33    Int: 17    God:    Nemelex Xobeh [*.....]
Gold:   15         SH:  0    Dex: 22    Spells: 0 memorised, 9 levels left

rFire  . . .     SeeInvis +     r - +2 rapier (venom)
rCold  . . .     Gourm    .     b - +1 robe
rNeg   . . .     Faith    .     (shield restricted)
rPois  .         Spirit   .     (helmet restricted)
rElec  .         Dismiss  .     a - +2 cloak
rCorr  .         Reflect  .     (gloves unavailable)
SustAt .         Harm     .     (boots unavailable)
MR     +....     NoTele   +     (no amulet)
Stlth  +++++++...               t - +3 ring of dexterity
                                s - +3 ring of intelligence

@: drained, very quick, somewhat resistant to hostile enchantments, extremely
stealthy
A: unfitting armour, see invisible, herbivore 3, speed 3, slow metabolism 2
a: Renounce Religion


You were in the Dungeon.
You worshipped Nemelex Xobeh.
Nemelex Xobeh was aware of your devotion.
You were not hungry.

You visited 1 branch You collected 15 gold pieces.

Inventory:

Hand Weapons
 r - a +2 rapier of venom (weapon)
Armour
 a - a +2 cloak (worn)
 b - a +1 robe (worn)
Jewellery
 s - a +3 ring of intelligence (left hand)
 t - a +3 ring of dexterity (right hand)
Wands
 c - a wand of flame (6/48)
 d - a wand of enslavement (8/24)
 e - a wand of random effects (7/48)
 q - a wand of lightning (0/15)
Scrolls
 l - 2 scrolls of blinking
 o - 3 scrolls of remove curse
 p - 3 scrolls of amnesia
 u - a scroll of fog
 w - 2 scrolls of identify
Potions
 f - a potion of flight
 g - 6 potions of curing
 h - 3 potions of heal wounds
 i - 2 potions of haste
 j - 4 potions of magic
 k - a potion of berserk rage
 n - a potion of invisibility
 v - a potion of cure mutation
Comestibles
 m - 40 fruits
 x - 12 bread rations


   Skills:
 * Level 11.8(11.3) Fighting
 + Level 11.0(10.5) Short Blades
 + Level 14.2(13.6) Dodging
 + Level 14.9(14.4) Stealth
 * Level 17.5(16.9) Evocations


You had 9 spell levels left.
You didn't know any spells.

Dungeon Overview and Level Annotations

Branches:
Dungeon (1/1)

Altars:
Cheibriados
Dithmenos
Elyvilon
Fedhas
Gozag
Kikubaaqudgha
Makhleb
Nemelex Xobeh
Okawaru
Pakellas
Qazlal
Ru
Sif Muna
Trog
Vehumet
Xom
Yredelemnul
Zin
The Shining One
Beogh
Jiyva
Lugonu


Innate Abilities, Weirdness & Mutations

You are tiny and cannot use many weapons and most armour.
You have supernaturally acute eyesight.
You are a herbivore.
You cover ground extremely quickly.
You need consume almost no food.


Message History

Evoke which item? (* to show all) (? for menu, Esc to quit)
Okay, then.
The soul eater closely misses you.
There is an open door to the Orcish Mines here.
You closely miss the soul eater. The soul eater completely misses you.
You hit the soul eater.
The soul eater is poisoned.
The soul eater is lightly wounded.
You hit the soul eater but do no damage.
The soul eater is lightly wounded.
The soul eater hits you!
You hit the soul eater but do no damage.
The soul eater looks even sicker.
The soul eater is moderately wounded.
You hit the soul eater but do no damage.
The soul eater is moderately wounded.
The soul eater hits you!
* * * LOW HITPOINT WARNING * * *
You feel drained.
You die...
Your body glows slightly and disappears.

▓)▓.▓.▓.▓.▓
▓)▓.▓.▓.▓.▓
▓.▓.▓'▓.▓.▓
▓.▓.▓.▓.▓.▓
▓.▓.▓.▓.▓.▓
▓%▓.▓.▓.▓o▓
▓)▓.▓.▓.▓4▓
▓.▓.▓.▓.▓3▓
▓.▓.▓(▓.▓@▓
▓.▓.▓[▓.▓)▓
▓.▓.▓.▓.▓)▓
▓'▓.▓.▓.▓)▓
▓_▓.▓.▓.▓)▓
▓_▓.▓.▓.▓)▓
▓_▓.▓.▓.▓$▓
▓_▓.▓%▓.▓$▓
▓_▓.▓'▓.▓.▓


You could see a soul eater, an ice devil and an orc sorcerer.

Vanquished Creatures
  Josephine (D)
  A hydra (D)
  A death yak (D)
  A griffon (D)
  An elephant (D)
  2 spiny frogs (D)
  A gargoyle (D)
  2 komodo dragons (D)
  A giant leech (D)
  4 blink frogs (D)
  3 wraiths (D)
  A hog (D)
  A basilisk (D)
  A hungry ghost (D)
  A vampire mosquito (D)
  A porcupine (D)
  2 water moccasins (D)
  2 orc warriors (D)
  A wolf (D)
  A crocodile (D)
  3 giant frogs (D)
  3 worker ants (D)
  A scorpion (D)
  A wight (D)
  2 orc wizards (D)
  2 iguanas (D)
  A river rat (D)
  3 orcs (D)
  A bat (D)
  A giant cockroach (D)
  A goblin (D)
  2 hobgoblins (D)
  A kobold (D)
  A giant cockroach zombie (D)
52 creatures vanquished.

Vanquished Creatures (collateral kills)
  A howler monkey (D)
  2 orc priests (D)
  An orc wizard (D)
  4 orcs (D)
8 creatures vanquished.

Vanquished Creatures (others)
  A crocodile (D)
  A crimson imp (D)
  A jelly (D)
  An orc (D)
4 creatures vanquished.

Grand Total: 64 creatures vanquished

Notes
Turn   | Place    | Note
--------------------------------------------------------------
     0 | D        | Kidiri the Spriggan Artificer began the quest for the Orb.
     0 | D        | Reached XP level 1. HP: 9/9 MP: 4/4
     5 | D        | Reached skill level 1 in Fighting
     8 | D        | Banished a spatial maelstrom
   126 | D        | Noticed a jelly
   126 | D        | Noticed a worker ant
   126 | D        | Noticed a howler monkey
   134 | D        | Reached XP level 2. HP: 13/15 MP: 6/6
   143 | D        | Reached skill level 5 in Evocations
   150 | D        | Killed a howler monkey
   150 | D        | Reached XP level 3. HP: 18/19 MP: 8/8
   171 | D        | Reached skill level 5 in Dodging
   171 | D        | Reached skill level 6 in Evocations
   171 | D        | Reached XP level 4. HP: 24/24 MP: 10/10
   187 | D        | Found a glowing silver altar of Zin.
   187 | D        | Found a glowing golden altar of the Shining One.
   187 | D        | Found an ancient bone altar of Kikubaaqudgha.
   187 | D        | Found a basalt altar of Yredelemnul.
   187 | D        | Found a shimmering altar of Xom.
   187 | D        | Found a radiant altar of Vehumet.
   188 | D        | Found an iron altar of Okawaru.
   189 | D        | Found a burning altar of Makhleb.
   190 | D        | Found a deep blue altar of Sif Muna.
   191 | D        | Found a bloodstained altar of Trog.
   192 | D        | Found a sparkling altar of Nemelex Xobeh.
   193 | D        | Found a white marble altar of Elyvilon.
   194 | D        | Found a roughly hewn altar of Beogh.
   195 | D        | Found a viscous altar of Jiyva.
   196 | D        | Found a corrupted altar of Lugonu.
   197 | D        | Found a blossoming altar of Fedhas.
   198 | D        | Found a snail-covered altar of Cheibriados.
   199 | D        | Found a shadowy altar of Dithmenos.
   200 | D        | Became a worshipper of Nemelex Xobeh the Trickster
   201 | D        | Found a stormy altar of Qazlal.
   202 | D        | Found an opulent altar of Gozag.
   203 | D        | Found a sacrificial altar of Ru.
   204 | D        | Found an oddly glowing altar of Pakellas.
   204 | D        | Received a gift from Nemelex Xobeh
   254 | D        | Noticed a hungry ghost
   256 | D        | Reached skill level 5 in Stealth
   256 | D        | Reached skill level 7 in Evocations
   262 | D        | Reached skill level 8 in Evocations
   262 | D        | Reached XP level 5. HP: 30/30 MP: 10/12
   262 | D        | Reached skill level 5 in Fighting
   262 | D        | Reached skill level 9 in Evocations
   298 | D        | Killed a hungry ghost
   298 | D        | Reached skill level 5 in Short Blades
   298 | D        | Reached skill level 10 in Evocations
   298 | D        | Reached XP level 6. HP: 14/36 MP: 12/14
   486 | D        | Noticed a basilisk
   486 | D        | Noticed a gargoyle
   486 | D        | Noticed a soldier ant
   491 | D        | Killed a basilisk
   493 | D        | Noticed a hog
   493 | D        | a soldier ant changed into a hog
   497 | D        | Paralysed by a giant eyeball for 3 turns
   508 | D        | Paralysed by a giant eyeball for 4 turns
   523 | D        | Reached skill level 11 in Evocations
   526 | D        | Killed a hog
   526 | D        | Reached XP level 7. HP: 19/42 MP: 16/16
   528 | D        | Killed a gargoyle
   528 | D        | Reached skill level 10 in Stealth
   528 | D        | Reached skill level 12 in Evocations
   808 | D        | Reached * piety under Nemelex Xobeh
   859 | D        | Noticed a four-headed hydra
   859 | D        | Noticed a spiny frog
   859 | D        | Noticed a komodo dragon
   859 | D        | Noticed a komodo dragon
   860 | D        | Noticed a griffon
   867 | D        | Killed a four-headed hydra
   867 | D        | Reached skill level 10 in Dodging
   867 | D        | Reached skill level 13 in Evocations
   867 | D        | Reached XP level 8. HP: 49/49 MP: 17/19
   871 | D        | Killed a komodo dragon
   871 | D        | Killed a griffon
   871 | D        | Reached skill level 14 in Evocations
   871 | D        | Reached XP level 9. HP: 53/53 MP: 17/20
   889 | D        | Killed a spiny frog
   899 | D        | Killed a komodo dragon
   899 | D        | Reached skill level 15 in Evocations
   904 | D        | Reached skill level 10 in Fighting
  1002 | D        | Noticed a death yak
  1007 | D        | Noticed an elephant
  1008 | D        | Killed a death yak
  1010 | D        | Reached XP level 10. HP: 60/60 MP: 22/22
  1015 | D        | Reached skill level 10 in Short Blades
  1015 | D        | Reached skill level 16 in Evocations
  1028 | D        | Killed an elephant
  1128 | D        | Noticed a spiny frog
  1139 | D        | Killed a spiny frog
  1468 | D        | Noticed Josephine
  1508 | D        | Killed Josephine
  1508 | D        | Reached skill level 17 in Evocations
  1773 | D        | Noticed an orc sorcerer
  1827 | D        | Noticed a soul eater
  1834 | D        | Slain by a soul eater

Vault maps used:
D:        linesprint

Skill      XL: |  1  2  3  4  5  6  7  8  9 10 |
---------------+-------------------------------+-----
Fighting       | 1 2 3 4 5 7 8 9 10 11 | 11.8
Stealth        | 2 3 4 6 7 9 11 12 13 14 | 14.9
Dodging        | 4 5 6 7 9 10 11 12 14 | 14.2
Short Blades   | 2 3 4 5 6 8 9 11 | 11.0
Evocations     | 5 6 8 10 11 13 14 15 17 | 17.5

Action                   |  1- 3 |  4- 6 |  7- 9 | 10-12 || total
-------------------------+-------+-------+-------+-------++-------
Melee: Short sword       |    14 |       |       |       ||    14
       Rapier            |       |    46 |    42 |    99 ||   187
Evoke: Wand              |     6 |     9 |     6 |    14 ||    35
       Deck              |       |    10 |     3 |       ||    13
  Use: Potion            |       |     2 |       |     4 ||     6
       Scroll            |       |       |     3 |     1 ||     4
 Stab: Sleeping          |     2 |     1 |     5 |     3 ||    11
       Distracted        |       |       |       |     1 ||     1
  Eat: Bread ration      |       |     1 |       |       ||     1
